 Dungeon Crawl Stone Soup version 0.31.0-12-g77e489cdc1 (webtiles) character file.

Game seed: 818282052221213118

13127 BlackCrag the Carver (level 11, -8/153 HPs)
             Began as a Minotaur Berserker on Mar 3, 2024.
             Was an Elder of Trog.
             Drowned by a water nymph (10 damage)
             ... on level 2 of the Lair of Beasts.
             The game lasted 00:42:04 (9350 turns).

BlackCrag the Carver (Minotaur Berserker)           Turns: 9350, Time: 00:42:04

Health: -8/153     AC: 15    Str: 26    XL:     11   Next: 71%
Magic:  10/10      EV: 15    Int:  4    God:    Trog [****..]
Gold:   428        SH:  0    Dex: 10    Spells: 10/10 levels left

rFire   . . .        Q - +10 dark maul {heavy}
rCold   + . .        (shield currently unavailable)
rNeg    . . .        R - +2 chain mail {rC+}
rPois   .            (helmet restricted)
rElec   .            K - +1 cloak {Will+}
rCorr   .            (no gloves)
SInv    .            (no boots)
Will    +++..        (no amulet) Stlth
                     n - +5 ring of evasion
HPRegen 1.45/turn    (no ring)
MPRegen 0.12/turn

%: no passive effects
@: berserking, strong-willed, regenerating, slow
A: horns 2, retaliatory headbutt
a: Renounce Religion, Berserk, Trog's Hand, Brothers in Arms


You were on level 2 of the Lair of Beasts.
You worshipped Trog.
Trog was greatly pleased with you.
You visited 2 branches of the dungeon, and saw 12 of its levels.

You collected 589 gold pieces.
You spent 161 gold pieces at shops.

Inventory:

Hand Weapons
 e - a +4 great sword of freezing
 r - a +0 flail
 O - a +6 heavy great mace
 Q - the +10 dark maul (weapon) {heavy}
   (You found it on level 1 of the Lair of Beasts)
Missiles
 a - a throwing net
 h - 7 boomerangs (quivered)
 k - 7 curare-tipped darts
 u - 3 javelins
Armour
 p - an orb of light
 w - a scarf of harm
 A - a scarf of resistance
 C - +0 swamp dragon scales
 K - a +1 cloak of willpower (worn)
 R - a +2 chain mail of cold resistance (worn)
Jewellery
 d - a ring of fire
 f - a ring of ice
 n - a +5 ring of evasion (left hand)
Wands
 m - a wand of digging (6)
 t - a wand of flame (40)
 y - a wand of iceblast (8)
 M - a wand of polymorph (7)
Scrolls
 b - 2 scrolls of poison
 c - a scroll of enchant armour
 g - a scroll of silence {unknown}
 i - a scroll of brand weapon {unknown}
 o - 3 scrolls of teleportation
 s - a scroll of blinking {unknown}
 v - 2 scrolls of revelation {unknown}
 D - 2 scrolls of torment {unknown}
 F - 2 scrolls of noise {unknown}
 J - a scroll of acquirement {unknown}
 L - a scroll of fog {unknown}
 N - a scroll of summoning {unknown}
Potions
 j - 3 potions of heal wounds
 q - 5 potions of curing
 x - 2 potions of resistance
 z - a potion of mutation {unknown}
 B - 2 potions of brilliance {unknown}
 E - a potion of degeneration {unknown}
 G - a potion of enlightenment {unknown}
 H - a potion of cancellation {unknown}
 I - a potion of invisibility
 P - a potion of haste


   Skills:
 * Level 11.5 Fighting
 + Level 12.2 Long Blades
 * Level 12.1 Maces & Flails
 + Level 5.8 Throwing
 + Level 7.9 Armour
 + Level 2.9 Dodging
 + Level 0.7 Stealth


You had 10 spell levels left.
You didn't know any spells.
Your spell library was empty.

Dungeon Overview and Level Annotations

Branches:
Dungeon (10/15)            Temple (0/1) D:7            Lair (2/5) D:9
    Orc (0/2) D:10
  Swamp: Lair:2-3    Shoals: Lair:2-3     Snake: Lair:2-3    Spider: Lair:2-3

Altars:
Qazlal
Uskayaw
Wu Jian
Zin

Shops:
D:7 ?   D:9 =


Innate Abilities, Weirdness & Mutations

You have a pair of horns on your head.
You reflexively headbutt those who attack you in melee.


Message History

You feel strong-willed. Trog will no longer gift you weapons.
The merfolk hits you with a +0 trident.
You closely miss the merfolk. Your headbutt misses the merfolk.
The merfolk completely misses you.
Splash!
You fall into the shallow water.
Moving in this stuff is going to be slow.
The merfolk hits you but does no damage.
The water nymph touches you. The water nymph drowns you!
The merfolk hits you with a +0 trident. The water nymph touches you.
The water nymph drowns you!
Your unstable footing causes you to fumble your attack.
The merfolk closely misses you. You furiously retaliate!
You headbutt the merfolk, but do no damage.
The water nymph closely misses you. The merfolk completely misses you.
The water nymph touches you. The water nymph drowns you!
Your unstable footing causes you to fumble your attack.
The merfolk hits you with a +0 trident. The water nymph closely misses you.
The merfolk barely misses you. The water nymph touches you.
The water nymph drowns you! The merfolk hits you with a +0 trident.
The water nymph barely misses you. You furiously retaliate!
You headbutt the water nymph. You closely miss the water nymph.
You headbutt the water nymph.
The water nymph is lightly wounded.
The merfolk barely misses you. You furiously retaliate!
You headbutt the merfolk! The water nymph closely misses you.
The merfolk hits you with a +0 trident! The water nymph touches you.
The water nymph drowns you!
* * * LOW HITPOINT WARNING * * *
The merfolk hits you but does no damage.
The water nymph points at you and mumbles some strange words.
The water swirls and strikes you!
* * * LOW HITPOINT WARNING * * *
A red film seems to cover your vision as you go berserk!
You feel yourself moving faster!
You feel mighty!
The merfolk hits you with a +0 trident!!
* * * LOW HITPOINT WARNING * * *
The water nymph touches you. The water nymph drowns you!
You die...

.. ## ..................
...###.####..............<..
..........+....#.#.#.###....
#.....PP......# #P....
##....##.....##......P....
#~~~..#.#.....#...........
~~~#m~....~~~..#.#.#..##....
~~~~~~..###mm~..#..#...##....
~~~m#.# ##@~...............
~~##....###.................
~ #.................^......
......................[..
..........................
.........[..............
...............+P###....
............:.#..###....
##.##..............#....


You could see a merfolk and a water nymph.

Vanquished Creatures
  Harold (Lair:2)
  A boulder beetle (Lair:2)
  Pikel (D:8)
  A black mamba (Lair:2)
  Maggie (D:6)
  2 cane toads (Lair:1)
  Jeremiah (Lair:1)
  A kobold demonologist (D:10)
  2 komodo dragons (Lair:1)
  A hornet (D:9)
  A troll (D:10)
  Sigmund (D:6)
  A wraith (D:10)
  4 wyverns
  A shadow (D:7)
  A fire elemental (Lair:1)
  2 vampire mosquitoes (D:10)
  3 basilisks
  A steam dragon (D:7)
  Grum (D:10)
  Menkaure (D:6)
  8 water moccasins
  Duvessa (D:5)
  6 black bears
  3 orc warriors
  A sky beast (D:8)
  2 ice beasts
  An ogre (D:4)
  3 centaurs
  A lemure (D:8)
  4 wolves
  A phantom (D:4)
  20 kobold brigands
  7 bullfrogs
  A gnoll sergeant (D:8)
  2 scorpions
  3 wights (D:6)
  Dowan (D:5)
  7 killer bees
  5 howler monkeys
  An electric eel (Lair:1)
  2 bombardier beetles (D:6)
  7 orc priests
  2 jellies
  3 hounds
  2 gnoll boudas
  4 iguanas
  A sleepcap (D:8)
  11 orc wizards
  11 gnolls
  8 adders
  2 white imps (D:7)
  2 ribbon worms (D:2)
  3 dart slugs
  32 orcs
  6 bats
  7 endoplasms
  4 giant cockroaches
  4 hobgoblins
  11 jackals
  3 quokkas
  12 ball pythons
  5 frilled lizards
  6 goblins
  15 kobolds
  22 rats
292 creatures vanquished.

Vanquished Creatures (others)
  A frilled lizard (D:1)
1 creature vanquished.

Grand Total: 293 creatures vanquished

Notes
Turn   | Place    | Note
-------+----------+-------------------------------------------
     0 | D:1      | BlackCrag the Minotaur Berserker began the quest for the
                  | Orb.
     0 | D:1      | Reached XP level 1. HP: 19/19 MP: 0/0
   193 | D:1      | Reached XP level 2. HP: 27/27 MP: 1/1
   478 | D:1      | Reached ** piety under Trog
   822 | D:2      | Reached XP level 3. HP: 33/33 MP: 2/2
  1528 | D:2      | Reached *** piety under Trog
  1530 | D:2      | Reached XP level 4. HP: 41/41 MP: 3/3
  1533 | D:2      | Reached skill level 5 in Maces & Flails
  1844 | D:3      | Found an ornate altar of the Wu Jian Council.
  1940 | D:3      | Found a hide-covered altar of Uskayaw.
  2111 | D:3      | Reached XP level 5. HP: 47/47 MP: 4/4
  2365 | D:3      | Reached skill level 1 in Throwing
  2584 | D:4      | Reached skill level 5 in Fighting
  2584 | D:4      | Reached XP level 6. HP: 45/56 MP: 5/5
  3034 | D:4      | Reached **** piety under Trog
  3035 | D:4      | Reached XP level 7. HP: 47/62 MP: 6/6
  3290 | D:5      | Entered Level 5 of the Dungeon
  3443 | D:5      | Noticed Dowan
  3454 | D:5      | Noticed Duvessa
  3463 | D:5      | Killed Duvessa
  3464 | D:5      | Killed Dowan
  3959 | D:6      | Noticed Sigmund
  3965 | D:6      | Killed Sigmund
  4015 | D:6      | Reached XP level 8. HP: 71/71 MP: 7/7
  4050 | D:6      | Reached skill level 5 in Armour
  4243 | D:6      | Reached skill level 1 in Long Blades
  4566 | D:6      | Noticed Menkaure
  4571 | D:6      | Killed Menkaure
  4766 | D:6      | Noticed Maggie
  4774 | D:6      | Killed Maggie
  4775 | D:6      | Reached XP level 9. HP: 81/81 MP: 8/8
  5079 | D:7      | Found Huizoun's Magic Scroll Emporium.
  5093 | D:7      | Reached skill level 5 in Throwing
  5098 | D:7      | Bought a scroll of enchant armour for 105 gold pieces
  5098 | D:7      | Bought a scroll of identify for 28 gold pieces
  5098 | D:7      | Bought a scroll of identify for 28 gold pieces
  5217 | D:7      | Reached skill level 5 in Long Blades
  5596 | D:7      | Found a staircase to the Ecumenical Temple.
  5999 | D:8      | Noticed Pikel
  6008 | D:8      | Killed Pikel
  6167 | D:8      | Reached XP level 10. HP: 90/91 MP: 9/9
  6671 | D:9      | Found Uclo's Jewellery Boutique.
  6704 | D:9      | Found a glowing silver altar of Zin.
  6704 | D:9      | Found a stormy altar of Qazlal.
  6759 | D:9      | Reached ***** piety under Trog
  7016 | D:9      | Found a staircase to the Lair.
  7034 | D:9      | Reached skill level 10 in Long Blades
  7054 | D:9      | Reached skill level 10 in Fighting
  7297 | D:10     | Entered Level 10 of the Dungeon
  7516 | D:10     | Found a staircase to the Orcish Mines.
  7543 | D:10     | Reached XP level 11. HP: 98/101 MP: 10/10
  7543 | D:10     | Received a gift from Trog
  7679 | D:10     | Noticed Grum
  7686 | D:10     | Killed Grum
  8079 | Lair:1   | Entered Level 1 of the Lair of Beasts
  8251 | Lair:1   | Noticed Jeremiah
  8258 | Lair:1   | Found the +10 dark maul {heavy}
  8261 | Lair:1   | Killed Jeremiah
  8262 | Lair:1   | Reached skill level 10 in Maces & Flails
  9196 | Lair:2   | Noticed Harold
  9205 | Lair:2   | Killed Harold
  9205 | Lair:2   | Noticed a boulder beetle
  9209 | Lair:2   | Killed a boulder beetle
  9350 | Lair:2   | HP: 2/153 [merfolk/+0 trident (19)]
  9350 | Lair:2   | Drowned by a water nymph

Illustrated notes

Levels and vault maps discovered:
D:1:      dpeg_arrival_pond, layout_basic, lemuel_flame_loot_1
D:2:      layout_loops_ring, minmay_rat_hole
D:3:      layout_basic, eat_drink_and_be_merry_uskayaw, lemuel_round_altar
D:4:      layout_cave_pools
D:5:      layout_gridville, uniq_duvessa
D:6:      layout_loops_ring, hangedman_decor_peaks_small,
          amcnicky_mini_pool_medium, uniq_menkaure, uniq_sigmund, uniq_maggie
D:7:      layout_layer_cave, minmay_temple_entry_statues_pillars, serial_shops,
          nicolae_shop_statue_plus
D:8:      layout_gridville, uniq_pikel
D:9:      layout_rooms, gammafunk_temple_overflow_pools,
          minmay_lair_entry_grove, serial_shops, shop
D:10:     layout_basic, orc_0_dummy, special_room [special_room_kobold],
          uniq_grum
Lair:1:   layout_gridlike, gammafunk_lair_bear_cave,
          infiniplex_staircase_pool_2, uniq_jeremiah
Lair:2:   layout_regular_city, nicolae_shoals_entry_flooding,
          grunt_megastairs_2, infiniplex_staircase_pool, uniq_harold

Skill      XL: |  1  2  3  4  5  6  7  8  9 10 11 |
---------------+----------------------------------+-----
Fighting       | 4 5 6 8 9 10 11 | 11.5
Maces & Flails | 4 5 6 8 9 12 | 12.1
Armour         | 3 4 5 6 7 |  7.9
Throwing       | 1 2 3 4 5 |  5.8
Long Blades    | 4 8 11 12 | 12.2
Dodging        | |  2.9
Stealth        | |  0.7

Action                     |  1- 3 |  4- 6 |  7- 9 | 10-12 || total
---------------------------+-------+-------+-------+-------++-------
  Melee: Mace              |   128 |   123 |       |       ||   251
         Headbutt          |    18 |    21 |    39 |    29 ||   107
         Flail             |       |     5 |    50 |       ||    55
         Great sword       |       |       |   123 |   132 ||   255
         Great mace        |       |       |       |    41 ||    41
         Maul              |       |       |       |    27 ||    27
  Throw: Boomerang         |       |    20 |    36 |    19 ||    75
 Invoke: Trog's Hand       |       |     1 |     6 |     4 ||    11
         Berserk           |       |       |     5 |     3 ||     8
  Evoke: Wand              |       |       |     1 |       ||     1
    Use: Scroll            |     2 |       |     6 |     5 ||    13
 Armour: Animal skin       |    13 |       |       |       ||    13
         Plate armour      |    47 |    92 |   163 |   176 ||   478
         Ring mail         |    11 |       |       |       ||    11
         Chain mail        |       |       |       |    15 ||    15
  Dodge: Dodged            |    79 |    54 |   122 |   149 ||   404
